[Event "*** SCC Grand Prix: Titled Tuesday Blitz"]
[Site "Chess.com"]
[Date "2020.08.25"]
[Round "3"]
[White "penguingm1"]
[Black "Reader777"]
[Result "1-0"]
[WhiteElo "2992"]
[BlackElo "2686"]
[TimeControl "180+1"]
[EndTime "10:29:40 PDT"]
[Termination "penguingm1 won by resignation"]

1. d4 Nf6 2. c4 e6 3. Nc3 Bb4 4. Qc2 O-O 5. Nf3 c5 6. dxc5 Na6 7. g3 Nxc5 8. Bg2 b6 9. O-O Bxc3 10. Qxc3 Bb7 11.
b3 Nfe4 12. Qd4 Qf6 13. Bb2 Qxd4 14. Nxd4 d5 15. cxd5 Bxd5 16. Rfd1 Rfd8 17. f3 Nd6 18. e4 Bb7 19. Rac1 e5 20. Nc2 f6 21. Ne3 Ba6 22. Ba3 Nd3 23. Rc3 Rac8 24. Rcxd3 Bxd3 25. Rxd3 Nb5 26. Rxd8+ Rxd8 27. Bb4 Rd3 28. Bf1 Rxe3 29.
Bxb5 Rxf3 30. Bd2 f5 31. Be2 fxe4 32. Bxf3 exf3 33. Kf2 e4 34. Ke3 Kf7 35. Be1 f2 36. Bxf2 1-0

[Event "*** SCC Grand Prix: Titled Tuesday Blitz"]
[Site "Chess.com"]
[Date "2020.08.25"]
[Round "3"]
[White "David_Klein"]
[Black "Man-Chuk"]
[Result "0-1"]
[WhiteElo "2603"]
[BlackElo "2824"]
[TimeControl "180+1"]
[EndTime "10:29:41 PDT"]
[Termination "Man-Chuk won by resignation"]

1. e4 e5 2. Nf3 Nc6 3. Bb5 Nf6 4. d3 Bc5 5. Bxc6 dxc6 6. Nbd2 Nd7 7. Nc4 O-O 8. Qe2 Re8 9. h4 b5 10. Ne3 Nf8 11. h5 Ne6 12. Nf5 Nf4 13. Bxf4 exf4 14. g4 fxg3 15. Nxg3 Bg4 16. Kf1 f5 17. Kg2 fxe4 18.
Nxe4 Rf8 19. Ned2 Qd7 20. Qe5 Bd6 21. Qg5 Bf4 22. Qh4 Qf5 23. Rae1 Bh6 24. Re4 Bxf3+ 25.
Nxf3 Qxf3+ 26. Kg1 Rae8 27. Rh3 Rxe4 28. dxe4 Qf4 29.
Qxf4 Rxf4 30. f3 Rf8 31. Rh2 Rxf3 32. Re2 Re3 33. Rf2 Rxe4 34. Kg2 Rd4 35. Re2 Rd2 36. Rxd2 Bxd2 37. Kf3 Kf7 38. Ke4 g6 0-1

[Event "*** SCC Grand Prix: Titled Tuesday Blitz"]
[Site "Chess.com"]
[Date "2020.08.25"]
[Round "3"]
[White "BillieKimbah"]
[Black "dforcen"]
[Result "1-0"]
[WhiteElo "2876"]
[BlackElo "2623"]
[TimeControl "180+1"]
[EndTime "10:29:42 PDT"]
[Termination "BillieKimbah won by resignation"]

1. d4 Nf6 2. Nf3 g6 3. g3 Bg7 4.
Bg2 O-O 5. O-O d6 6. Re1 Nc6 7. d5 Ne5 8. Nxe5 dxe5 9. c4 e6 10. Nc3 exd5 11. cxd5 Ne8 12. e4 Nd6 13. Be3 f5 14.
exf5 gxf5 15. Rc1 b6 16. f4 e4 17. Bd4 Qd7 18. Bf1 Bb7 19. Qd2 Rad8 20. Rc2 Rfe8 21. a3 a6 22. Rec1 Qe7 23. Bxg7 Qxg7 24. Nd1 Re7 25.
Ne3 Qf7 26. Be2 h5 27. h4 Kh7 28. Kh2 Kh6 29. Qd4 Rg8 30. Rg1 Qg7 31. Qb4 Qf6 32.
Qc3 Qf8 33. a4 Qd8 34. Qf6+ Rg6 35. Nxf5+ Nxf5 36. Qxf5 Qxd5 37. Qf8+ Reg7 38. f5 Rd6 1-0

[Event "*** SCC Grand Prix: Titled Tuesday Blitz"]
[Site "Chess.com"]
[Date "2020.08.25"]
[Round "3"]
[White "QuintilianoR"]
[Black "Harsha_Bharathakoti"]
[Result "1-0"]
[WhiteElo "2622"]
[BlackElo "2817"]
[TimeControl "180+1"]
[EndTime "10:29:46 PDT"]
[Termination "QuintilianoR won by resignation"]

1. d4 Nf6 2. c4 g6 3. Nf3 Bg7 4. Nc3 d5 5. h4 c6 6. cxd5 cxd5 7.
Bf4 Nc6 8. e3 O-O 9. Qb3 Na5 10.
Qa3 Bf5 11. Rc1 Rc8 12. Be2 a6 13. O-O Nc4 14. Qb4 Qb6 15. Qxb6 Nxb6 16. Nd2 Bd7 17. Nb3 Nc4 18. Nc5 Bc6 19. b3 Nb6 20. Rc2 Nfd7 21.
Nxd7 Bxd7 22. Rfc1 Bf5 23. Rd2 Rc6 24. g4 Be6 25.
Rdc2 Rfc8 26. f3 h5 27. Kf2 Bf6 28. Kg3 Nd7 29. Bd3 b5 30. Ne2 hxg4 31. Rxc6 1-0

[Event "*** SCC Grand Prix: Titled Tuesday Blitz"]
[Site "Chess.com"]
[Date "2020.08.25"]
[Round "3"]
[White "VincentKeymer"]
[Black "FedaMaster"]
[Result "1-0"]
[WhiteElo "2799"]
[BlackElo "2433"]
[TimeControl "180+1"]
[EndTime "10:29:46 PDT"]
[Termination "VincentKeymer won on time"]

1. d4 f5 2. Bg5 g6 3. e3 h6 4. Bf4 Nf6 5. Nf3 d6 6. Bc4 e6 7. Nc3 Bg7 8. Qe2 Qe7 9. O-O-O g5 10. Bg3 Nc6 11. h4 g4 12. Ne1 Nh5 13. Bh2 Bd7 14. Nd3 Na5 15. Bb3 Nxb3+ 16. axb3 Bc6 17. f3 gxf3 18. gxf3 O-O-O 19. Kb1 Kb8 20. Nb4 Bd7 21. d5 Bxc3 22. bxc3 e5 23. Kb2 Rhg8 24. Ra1 Ng3 25.
Bxg3 Rxg3 26. Na6+ Kc8 27. Qc4 Be8 28. Nb4 Kb8 29.
Nc6+ Bxc6 30. dxc6 Qe6 31. Qb5 1-0

[Event "*** SCC Grand Prix: Titled Tuesday Blitz"]
[Site "Chess.com"]
[Date "2020.08.25"]
[Round "3"]
[White "Witik"]
[Black "ChessBitl"]
[Result "1/2-1/2"]
[WhiteElo "2656"]
[BlackElo "2480"]
[TimeControl "180+1"]
[EndTime "10:29:47 PDT"]
[Termination "Game drawn by repetition"]

1. d4 Nf6 2. Bf4 g6 3. Nf3 Bg7 4. Nc3 d6 5. e4 O-O 6. h3 Nc6 7. Bh2 e5 8. dxe5 Nxe5 9. Be2 Be6 10. Nxe5 dxe5 11. Qxd8 Raxd8 12. Bxe5 c6 13. O-O b5 14. a3 a5 15. f3 Nd7 16. Bxg7 Kxg7 17. Rfd1 Nb6 18.
Rxd8 Rxd8 19. Rd1 Rxd1+ 20. Nxd1 f5 21. exf5 Bxf5 22. Ne3 Na4 23. g4 Be6 24. Nd1 g5 25. Kf2 Kf6 26. Ke3 Ke5 27. b3 Nb6 28. Nb2 Nd5+ 29.
Kd2 Nf4 30. Bf1 b4 31. a4 Kd4 32. Nd3 Nxd3 33. Bxd3 h6 34. Be4 c5 35. Bd3 Bf7 36. Bb5 Bd5 37. Be2 Be6 38. Bb5 Bd5 39. Be2 Be6 40. Bb5 Bd5 1/2-1/2

[Event "*** SCC Grand Prix: Titled Tuesday Blitz"]
[Site "Chess.com"]
[Date "2020.08.25"]
[Round "3"]
[White "AvitalBor"]
[Black "JozefKneht"]
[Result "1-0"]
[WhiteElo "2822"]
[BlackElo "2441"]
[TimeControl "180+1"]
[EndTime "10:29:47 PDT"]
[Termination "AvitalBor won by resignation"]

1. e4 e5 2. Nf3 Nc6 3. Bb5 a6 4. Ba4 Nf6 5. d3 d6 6. c3 Be7 7.
O-O O-O 8. Re1 Bg4 9. Nbd2 Nd7 10. h3 Bh5 11. Nf1 Nc5 12. Bc2 Ne6 13. Ng3 Bxf3 14. Qxf3 Bg5 15. Nf5 Bxc1 16. Raxc1 g6 17. Ne3 Qh4 18. Bb3 h5 19. Nd5 Kg7 20. Rcd1 Rae8 21.
Qe3 f5 22. exf5 gxf5 23. d4 f4 24. Qd3 f3 25. Bc2 Rh8 26. Qg6+ Kf8 27. Nf6 Re7 28. dxe5 Nf4 29. Qf5 Nxg2 30. Nh7+ Ke8 31. Qc8+ Nd8 32. Bg6+ Rf7 33. Bxf7+ Kxf7 34. Qxc7+ Kg8 35. Nf6+ 1-0

[Event "*** SCC Grand Prix: Titled Tuesday Blitz"]
[Site "Chess.com"]
[Date "2020.08.25"]
[Round "3"]
[White "dretch"]
[Black "Rytenko_V"]
[Result "1-0"]
[WhiteElo "2763"]
[BlackElo "2506"]
[TimeControl "180+1"]
[EndTime "10:29:48 PDT"]
[Termination "dretch won on time"]

1. d4 d5 2. c4 c6 3. Nf3 Nf6 4. Nc3 e6 5. cxd5 exd5 6. Qc2 Bb4 7. Bg5 h6 8. Bh4 Bg4 9. Ne5 Be6 10. e3 Nbd7 11.
Bd3 Qa5 12. Nxd7 Bxd7 13. Bxf6 gxf6 14. O-O Rg8 15. Rfc1 Bd6 16. e4 Qb4 17. exd5 Qxd4 18. Re1+ Kf8 19. Re4 Qc5 20. Qd2 Kg7 21. Rc4 Qa5 22.
Rh4 Rh8 23. dxc6 Bxc6 24. Rg4+ Kf8 25. Bh7 Qe5 26. Qxh6+ Ke7 27. Rg3 1-0

[Event "*** SCC Grand Prix: Titled Tuesday Blitz"]
[Site "Chess.com"]
[Date "2020.08.25"]
[Round "3"]
[White "lifeissofun"]
[Black "brute4ever"]
[Result "0-1"]
[WhiteElo "2243"]
[BlackElo "2498"]
[TimeControl "180+1"]
[EndTime "10:29:48 PDT"]
[Termination "brute4ever won on time"]

1. e4 c5 2. Nf3 d6 3. d4 cxd4 4.
Nxd4 Nf6 5. Nc3 a6 6. h3 e6 7. g4 h6 8. Bg2 g5 9. O-O Nbd7 10. f4 gxf4 11. Bxf4 e5 12. Nf5 exf4 13. Rxf4 Ne5 14. Kh1 Be6 15. Qd4 Qc7 16. Na4 O-O-O 17. Re1 Nfd7 18. Re3 Kb8 19. Rc3 Qa5 20. Nxd6 h5 21.
g5 Ng6 22. Nxb7 Kxb7 23. e5+ Kb8 24. Qe4 Bd5 25. Rb3+ Kc7 26. Rc3+ Qxc3 0-1

[Event "*** SCC Grand Prix: Titled Tuesday Blitz"]
[Site "Chess.com"]
[Date "2020.08.25"]
[Round "3"]
[White "fabianvivasz"]
[Black "Yana_pro"]
[Result "1-0"]
[WhiteElo "2308"]
[BlackElo "2080"]
[TimeControl "180+1"]
[EndTime "10:29:48 PDT"]
[Termination "fabianvivasz won by resignation"]

1. e4 Nf6 2. e5 Nd5 3. d4 d6 4. c4 Nb6 5. exd6 exd6 6. Nc3 Be7 7. Bd3 Nc6 8. Be3 O-O 9. b3 Bf6 10. Nge2 Bg4 11. f3 Re8 12. Qd2 Bh5 13. O-O d5 14. c5 Nc8 15. Nf4 Bg6 16. Bxg6 hxg6 17. Nfxd5 N8e7 18. Nxf6+ gxf6 19. d5 Ne5 20. Rad1 Nf5 21.
Bf2 Qd7 22. Ne4 Kg7 23. Qc3 Qe7 24. Rfe1 Rad8 25. Kf1 Rh8 26. h3 b6 27. f4 Nd7 28. c6 Nc5 29. Nxc5 Qxe1+ 30. Rxe1 Rxd5 31. Ne4 Rd6 32. Nxd6 Nxd6 33. Bd4 Re8 34. Bxf6+ Kg8 35. Rxe8+ Nxe8 36. Bd8 Nd6 37. Qe5 Kf8 38. Qe7+ 1-0

[Event "*** SCC Grand Prix: Titled Tuesday Blitz"]
[Site "Chess.com"]
[Date "2020.08.25"]
[Round "3"]
[White "milenapn"]
[Black "Nayemhaque22"]
[Result "1-0"]
[WhiteElo "1966"]
[BlackElo "2239"]
[TimeControl "180+1"]
[EndTime "10:29:48 PDT"]
[Termination "milenapn won by resignation"]

1. e4 c5 2. Nf3 Nc6 3. d4 cxd4 4. Nxd4 Nf6 5. Nc3 e5 6. Ndb5 d6 7. Bg5 a6 8. Na3 b5 9. Bxf6 gxf6 10. Nd5 Bg7 11. c3 O-O 12. Bd3 Be6 13. Nc2 f5 14. Nce3 f4 15. Nf5 Bxf5 16. exf5 Ne7 17. f6 Nxd5 18.
fxg7 Re8 19. Be4 Nf6 20. Bxa8 Qxa8 21. Qxd6 Kxg7 22. O-O-O Re6 23. Qd2 Qc6 24. g3 b4 25.
gxf4 bxc3 26. Qxc3 Qb5 27. Kb1 exf4 28. Rhg1+ Kf8 29.
Rd8+ Ne8 30. Qa3+ Re7 31. Re1 Qf5+ 32. Ka1 Qf6 33. Qc5 Qb6 34. Qxe7+ Kg7 35. Qg5+ 1-0

[Event "*** SCC Grand Prix: Titled Tuesday Blitz"]
[Site "Chess.com"]
[Date "2020.08.25"]
[Round "3"]
[White "Tactictic"]
[Black "AlexTriapishko"]
[Result "0-1"]
[WhiteElo "2368"]
[BlackElo "2709"]
[TimeControl "180+1"]
[EndTime "10:29:49 PDT"]
[Termination "AlexTriapishko won by resignation"]

1. e4 c6 2. d4 d5 3. e5 Bf5 4.
h4 h5 5. Bd3 Bxd3 6. Qxd3 Qa5+ 7. Bd2 Qa6 8. e6 Qxd3 9. exf7+ Kxf7 10. cxd3 Nd7 11. Nf3 g6 12. Bf4 Bh6 13. Be5 Ngf6 14. O-O Rhf8 15. Re1 Rae8 16. Nc3 Ng4 17. Bg3 Kg8 18.
Re6 Rf6 19. Rae1 Rxe6 20. Rxe6 Kf7 21. Re2 a6 22. b4 Nf8 23. Na4 Ne6 24. Nc5 Nxc5 25.
bxc5 Rd8 26. Ng5+ Ke8 27. Re6 Nf6 28. Be5 Bg7 29. Nh7 Nxh7 30. Bxg7 Kf7 31. Re5 Kxg7 32.
Rxe7+ Kh6 33. Rxb7 Re8 34. Rb6 Re1+ 35. Kh2 Rd1 36.
Rxc6 Rxd3 37. Rxa6 Rxd4 38. Rd6 Rxh4+ 39. Kg1 Rc4 40.
Rxd5 Nf6 41. Re5 Rc1+ 42. Kh2 Ng4+ 0-1

[Event "*** SCC Grand Prix: Titled Tuesday Blitz"]
[Site "Chess.com"]
[Date "2020.08.25"]
[Round "3"]
[White "talman67"]
[Black "Fortitudine"]
[Result "1-0"]
[WhiteElo "2496"]
[BlackElo "2233"]
[TimeControl "180+1"]
[EndTime "10:29:49 PDT"]
[Termination "talman67 won by checkmate"]

1. e4 c5 2. Nf3 d6 3. d4 cxd4 4. Nxd4 Nf6 5. Nc3 Nc6 6. Bg5 Bd7 7. Qd2 Rc8 8. O-O-O Nxd4 9. Qxd4 Qa5 10. f4 e5 11.
Qd3 Rxc3 12. Qxc3 Qxc3 13. bxc3 Nxe4 14. Bh4 exf4 15. Re1 f5 16. Bd3 Bc6 17. Rhf1 h6 18. Rxf4 g5 19. Rxf5 d5 20. c4 Ba3+ 21. Kd1 Kd8 22.
cxd5 Nc3+ 23. Kd2 Nxd5 24. Bg3 Bb4+ 25. Kc1 Bxe1 26. Bxe1 Nf4 27. g3 Nxd3+ 28. cxd3 Re8 29. Bc3 Re6 30. Kd2 Kd7 31. Rf7+ Kc8 32. Rh7 Bd5 33. a4 Bf3 34. Bd4 Re2+ 35. Kc3 Rxh2 36. Bxa7 h5 37. Bb6 h4 38. Rc7+ Kb8 39. gxh4 g4 40. Rd7 Kc8 41.
Rd8# 1-0

[Event "*** SCC Grand Prix: Titled Tuesday Blitz"]
[Site "Chess.com"]
[Date "2020.08.25"]
[Round "3"]
[White "AndreyNeves"]
[Black "Makswolf200817"]
[Result "0-1"]
[WhiteElo "2167"]
[BlackElo "2408"]
[TimeControl "180+1"]
[EndTime "10:29:49 PDT"]
[Termination "Makswolf200817 won on time"]

1. d4 d5 2. c4 e6 3. Nf3 Nf6 4. g3 Bb4+ 5. Nbd2 O-O 6. Qc2 b6 7. Bg2 Bb7 8. O-O Nbd7 9. a3 Bd6 10. b4 dxc4 11. Nxc4 Qe7 12. Bb2 Rac8 13. Nxd6 cxd6 14.
Qd1 Ne4 15. Rc1 f5 16. e3 Ndf6 17. Rxc8 Rxc8 18. Nd2 Qc7 19. Nxe4 Nxe4 20. Qa1 Qc2 21. f3 Ng5 22. Rc1 Qe2 23. Rxc8+ Bxc8 24. Qc1 Bb7 25. d5 Nxf3+ 26. Bxf3 Qxf3 27. Qc3 e5 28. e4 Qxc3 29.
Bxc3 fxe4 30. b5 Kf7 31. Bb4 Ke7 32. Kf2 Bxd5 33. Ke3 Ke6 34. a4 Bb3 35. a5 Bc2 36. axb6 axb6 37. g4 Bd3 38. Be1 d5 39. Bh4 d4+ 40. Kd2 Bxb5 41. Bg5 e3+ 0-1

[Event "*** SCC Grand Prix: Titled Tuesday Blitz"]
[Site "Chess.com"]
[Date "2020.08.25"]
[Round "3"]
[White "Revnov"]
[Black "Haykoooo0o"]
[Result "1-0"]
[WhiteElo "2699"]
[BlackElo "2517"]
[TimeControl "180+1"]
[EndTime "10:29:50 PDT"]
[Termination "Revnov won by checkmate"]

1. e4 e6 2. Qe2 c5 3. Nf3 a6 4. g3 Qc7 5. Bg2 d6 6. O-O Nc6 7. c3 Nf6 8. d4 cxd4 9. cxd4 Be7 10. Nc3 O-O 11. e5 Nd5 12. Nxd5 exd5 13. Bf4 dxe5 14. Nxe5 Nxd4 15. Qd3 Ne6 16. Rac1 Nxf4 17. gxf4 Qb6 18. Bxd5 Qf6 19. Qg3 Rb8 20. Rfe1 Bf5 21. h3 Rfd8 22. Bxf7+ Kh8 23. Bb3 Rf8 24. Rc7 Be6 25.
Ng4 Bxg4 26. Rexe7 Bf5 27. Rxg7 Qxb2 28. Kh2 Qa1 29.
Rce7 Rbd8 30. Re5 Qb2 31. Rxf5 Rxf5 32. Rg8+ Rxg8 33. Qxg8# 1-0

[Event "*** SCC Grand Prix: Titled Tuesday Blitz"]
[Site "Chess.com"]
[Date "2020.08.25"]
[Round "3"]
[White "tmr88"]
[Black "Olga_Zhuravleva"]
[Result "0-1"]
[WhiteElo "2096"]
[BlackElo "2337"]
[TimeControl "180+1"]
[EndTime "10:29:50 PDT"]
[Termination "Olga_Zhuravleva won on time"]

1. e4 e5 2. Nf3 Nc6 3. Bb5 f5 4. Nc3 Nf6 5. O-O Bc5 6. d3 O-O 7. exf5 d6 8. Bg5 Bxf5 9. Nd5 Kh8 10. Nh4 Be6 11. Ne3 Nd4 12. Bc4 d5 13. Bb3 c6 14. c3 Nxb3 15. axb3 Qd7 16. b4 Bb6 17. Nf3 Bc7 18. Bh4 Bf7 19. Bg3 Bh5 20. Re1 Qf7 21. Nf1 e4 22. dxe4 dxe4 23. Ng5 Qg6 24. Qd2 Bxg3 25. Nxg3 Rad8 26. Qc1 h6 27.
N5xe4 Nxe4 28. Nxe4 Bf3 29. Ng3 Bd5 30. f3 a6 31. Qe3 Qc2 32. Qf2 Qg6 33. Rad1 h5 34. Ne4 Rde8 35. Ng3 Rxe1+ 36. Rxe1 h4 0-1

[Event "*** SCC Grand Prix: Titled Tuesday Blitz"]
[Site "Chess.com"]
[Date "2020.08.25"]
[Round "3"]
[White "ZverevLev"]
[Black "phoenix_sjh"]
[Result "1-0"]
[WhiteElo "2361"]
[BlackElo "2525"]
[TimeControl "180+1"]
[EndTime "10:29:51 PDT"]
[Termination "ZverevLev won by resignation"]

1. e4 e6 2. d4 d5 3. Nc3 Nf6 4. Bg5 dxe4 5. Nxe4 Be7 6. Bxf6 gxf6 7. Nf3 f5 8. Ng3 a6 9. Bd3 c5 10. Qd2 cxd4 11.
Nxd4 Bf6 12. c3 O-O 13. Nh5 Bg5 14. Qe2 Nc6 15. Nxc6 bxc6 16. O-O Qc7 17. f4 Be7 18. Rf3 Kh8 19. Rh3 Rg8 20. Re1 Bc5+ 21. Kh1 Rg6 22. Bxf5 Rh6 23. Qg4 Bf8 24. Rg3 Rg6 25. Bxg6 fxg6 26.
Nf6 e5 27. Qg5 exf4 28. Rd3 Bf5 29. Rdd1 Qf7 30. Ng4 Be7 31. Rxe7 Qxa2 32. Qf6+ 1-0

[Event "*** SCC Grand Prix: Titled Tuesday Blitz"]
[Site "Chess.com"]
[Date "2020.08.25"]
[Round "3"]
[White "BogdanDeac"]
[Black "azikom"]
[Result "1-0"]
[WhiteElo "2853"]
[BlackElo "2611"]
[TimeControl "180+1"]
[EndTime "10:29:52 PDT"]
[Termination "BogdanDeac won by resignation"]

1. e4 e5 2. Nf3 Nc6 3. Bb5 Nge7 4.
O-O a6 5. Bc4 Ng6 6. c3 d6 7. d4 Be7 8. h3 O-O 9. Re1 Bf6 10. Be3 h6 11. Nbd2 Re8 12. Bd5 Nce7 13. Bb3 c6 14. Nf1 Nh4 15. Nxh4 Bxh4 16. Qh5 exd4 17.
cxd4 d5 18. Qxh4 dxe4 19. Qxe4 Nd5 20. Qf3 Be6 21. Bf4 Nxf4 22. Qxf4 Bxb3 23. axb3 Qb6 24.
Re3 Rxe3 25. Qxe3 Rd8 26. Rd1 Qb5 27. Nh2 Qf5 28. Nf3 Qc2 29. Rd2 Qb1+ 30. Kh2 Qf5 31. Qe5 Qd7 32. Re2 b5 33. Qe7 Qd5 34. Re5 Qd6 35. Qxd6 Rxd6 36. Re8+ Kh7 37. Ra8 Re6 38. Rxa6 Re2 39. Rxc6 Rxf2 40. Rc3 Rxb2 41. d5 Re2 42. d6 Re8 43. d7 Rd8 44. Ne5 f6 45. Rc8 1-0

[Event "*** SCC Grand Prix: Titled Tuesday Blitz"]
[Site "Chess.com"]
[Date "2020.08.25"]
[Round "3"]
[White "Bigfish1995"]
[Black "Tooweak2slow03"]
[Result "1/2-1/2"]
[WhiteElo "3059"]
[BlackElo "2697"]
[TimeControl "180+1"]
[EndTime "10:29:53 PDT"]
[Termination "Game drawn by repetition"]

1. c4 e6 2. g3 d5 3. Bg2 Nf6 4. Nf3 d4 5. b4 Bxb4 6. Qa4+ Nc6 7. Ne5 Rb8 8. Ba3 a5 9. Bxb4 axb4 10. a3 bxa3 11.
Nxa3 O-O 12. Bxc6 bxc6 13. O-O Bb7 14. Rfb1 c5 15. Qa7 Qd6 16. Rxb7 Rxb7 17. Qxb7 Qxe5 18. Re1 Ne4 19. Qb2 Ng5 20. f4 Nh3+ 21. Kg2 Qh5 22. e3 dxe3 23. dxe3 Rd8 24. Qe2 Qf5 25. Rd1 Rxd1 26. Qxd1 h5 27. Nb5 c6 28. Nc3 f6 29.
e4 Qg4 30. Qxg4 hxg4 31. Na4 e5 32. fxe5 fxe5 33. Nxc5 Kf7 34. Nd3 Ke6 35. Nc5+ Kd6 36. Nb7+ Kc7 37. Nc5 Kd6 38. Nd3 Ke6 39. Nc5+ Kd6 1/2-1/2

[Event "*** SCC Grand Prix: Titled Tuesday Blitz"]
[Site "Chess.com"]
[Date "2020.08.25"]
[Round "3"]
[White "bazar-wokzal"]
[Black "Aleksey_Sorokin"]
[Result "1-0"]
[WhiteElo "2486"]
[BlackElo "2710"]
[TimeControl "180+1"]
[EndTime "10:29:53 PDT"]
[Termination "bazar-wokzal won by resignation"]

1. e4 c6 2. d4 d5 3. e5 Bf5 4. Nc3 Qc7 5. g4 Bd7 6. f4 h5 7.
f5 hxg4 8. e6 fxe6 9. Qxg4 exf5 10. Qg6+ Kd8 11. Nf3 Be8 12. Qxf5 Nf6 13. Bf4 Qd7 14.
Qd3 Qg4 15. Qe3 Nbd7 16. O-O-O Ne4 17. Nxe4 dxe4 18. Ng5 e5 19. dxe5 Bc5 20. Qd2 e3 21. Bxe3 Bxe3 22. Qxe3 Ke7 23. Bh3 Qc4 24. Be6 Qb4 25.
a3 Qb6 26. Qg3 Nf8 27. Bb3 Bh5 28. Rd6 Rd8 29. Ne6 Rxd6 30. exd6+ Ke8 31. Nxg7+ Kd7 32. Nxh5 Rxh5 33. Qg4+ Kxd6 34. Qxh5 1-0

[Event "*** SCC Grand Prix: Titled Tuesday Blitz"]
[Site "Chess.com"]
[Date "2020.08.25"]
[Round "3"]
[White "frequentblunders"]
[Black "ThePatrick27"]
[Result "0-1"]
[WhiteElo "2113"]
[BlackElo "2460"]
[TimeControl "180+1"]
[EndTime "10:29:53 PDT"]
[Termination "ThePatrick27 won by resignation"]

1. e4 e5 2. Nf3 Nc6 3. Nc3 Nf6 4.
d4 exd4 5. Nd5 Be7 6. Nxd4 O-O 7. Nf5 Nxd5 8. exd5 Re8 9. Be2 Ne5 10. O-O Bf6 11.
f4 Ng6 12. d6 cxd6 13. Nxd6 Rxe2 14. Qxe2 Qb6+ 15. Be3 Qxd6 16. Rad1 Qc7 17. f5 Nf8 18. Bf4 Qb6+ 19. Kh1 d5 20. Qe8 Qc6 21. Rfe1 d4 22.
Qxc6 bxc6 23. Re8 Bb7 24. Rde1 c5 25. Bd6 g6 26. Rxa8 Bxa8 27. Re8 Bc6 28. Rxf8+ Kg7 29. Rc8 Bd7 30. Bf8+ Kg8 31. Rb8 h5 32. Bxc5+ Kg7 33. fxg6 Kxg6 34. Rb7 Bf5 35. c3 d3 36. Be3 Bg5 37.
Bxg5 Kxg5 38. Rb8 Kf4 39. Rd8 Ke3 40. h3 d2 41. Kh2 Bd3 42. Rxd3+ Kxd3 43. g4 d1=Q 44.
gxh5 Qxh5 0-1

[Event "*** SCC Grand Prix: Titled Tuesday Blitz"]
[Site "Chess.com"]
[Date "2020.08.25"]
[Round "3"]
[White "FMJoseHerrera"]
[Black "praveenb2002"]
[Result "0-1"]
[WhiteElo "2505"]
[BlackElo "2760"]
[TimeControl "180+1"]
[EndTime "10:29:54 PDT"]
[Termination "praveenb2002 won on time"]

1. Nf3 Nf6 2. g3 g6 3. Bg2 Bg7 4. d3 O-O 5. Nc3 d6 6. h4 e5 7. h5 Nxh5 8. Bg5 f6 9. Be3 d5 10. d4 e4 11. Ng1 f5 12. Qd2 c5 13. Bh6 Bxh6 14. Qxh6 cxd4 15. Nd1 f4 16. Nh3 f3 17.
Bf1 Qf6 18. e3 Nc6 19. exd4 Nxd4 20. Ne3 Qg7 21. Qxg7+ Nxg7 22. O-O-O Ne2+ 23. Kb1 d4 24. Nc4 Ne6 25. Nd6 e3 26. Rh2 exf2 27. Rxf2 Nxg3 28.
Bc4 Kg7 29. Nxc8 Nc5 30. Nd6 Rad8 31. Rxd4 Nce4 32. Rxe4 Nxe4 0-1

[Event "*** SCC Grand Prix: Titled Tuesday Blitz"]
[Site "Chess.com"]
[Date "2020.08.25"]
[Round "3"]
[White "Evgeny81"]
[Black "Hikaru"]
[Result "0-1"]
[WhiteElo "2692"]
[BlackElo "3219"]
[TimeControl "180+1"]
[EndTime "10:29:56 PDT"]
[Termination "Hikaru won on time"]

1. d4 Nf6 2. c4 e6 3. Nf3 d5 4. Nc3 dxc4 5. e4 b5 6. e5 Nd5 7. Nxb5 Nb6 8. Nc3 Bb7 9. Be2 Nc6 10. Qd2 Be7 11. O-O O-O 12. Qf4 Nb4 13. Qg4 Kh8 14. Rd1 f5 15. exf6 Bxf6 16. Be3 Nc2 17.
Rac1 Nxe3 18. fxe3 Nd5 19. e4 Ne3 20. Qxe6 Nxd1 21.
Rxd1 Re8 22. Qg4 Rb8 23. e5 Be7 24. Bxc4 Bxf3 25. Qxf3 Rxb2 26. Qe4 Rf8 27. Ne2 Bg5 28. h3 Qe7 29. Kh2 g6 30. Rd3 Rb4 31. Bb3 c5 32. Rf3 cxd4 33. Qd5 Rd8 34. Qa5 Rc8 35. Rf7 Qc5 36. Qxa7 Qxa7 37. Rxa7 d3 38. Ng1 Bf4+ 39. g3 Bxe5 40. Rd7 Rd4 41. Rxd4 Bxd4 0-1

[Event "*** SCC Grand Prix: Titled Tuesday Blitz"]
[Site "Chess.com"]
[Date "2020.08.25"]
[Round "3"]
[White "parintele_chess"]
[Black "ClydeHillKid"]
[Result "0-1"]
[WhiteElo "2137"]
[BlackElo "2351"]
[TimeControl "180+1"]
[EndTime "10:29:56 PDT"]
[Termination "ClydeHillKid won by resignation"]

1. d4 d5 2. c4 e6 3. Nc3 Nf6 4. cxd5 exd5 5. Bg5 c6 6. e3 Bd6 7. Bd3 O-O 8. Qc2 h6 9. Bh4 Re8 10. Nge2 Nbd7 11. O-O Bxh2+ 12. Kxh2 Ng4+ 13. Kg3 Ndf6 14. Bxf6 Qxf6 15. Nf4 g5 16. Nh5 Qd6+ 17. Kf3 Nh2+ 18. Ke2 Bg4+ 19. f3 Nxf1 20. Rxf1 Bxh5 21. Rh1 Bg6 22. Bxg6 Qxg6 23. Qxg6+ fxg6 24. Rxh6 Kg7 25. Rh1 Re7 26. e4 Rae8 27. e5 Rd8 28. Na4 b6 29. b4 a5 30. a3 axb4 31. axb4 Ra7 32. Nxb6 Ra2+ 33. Kd3 Ra6 34. Nc4 dxc4+ 35. Kxc4 Ra2 36. Re1 Rxg2 37. e6 Kf6 38. Kc5 Rc2+ 39. Kb6 Re8 40. b5 Rxe6 41. Rxe6+ Kxe6 42. bxc6 Kd6 43. d5 Kxd5 44. c7 Kd6 0-1

[Event "*** SCC Grand Prix: Titled Tuesday Blitz"]
[Site "Chess.com"]
[Date "2020.08.25"]
[Round "3"]
[White "kasparicy"]
[Black "abfchess"]
[Result "1/2-1/2"]
[WhiteElo "2335"]
[BlackElo "2140"]
[TimeControl "180+1"]
[EndTime "10:29:56 PDT"]
[Termination "Game drawn by repetition"]

1. e4 e6 2. d4 d5 3. Nd2 Nc6 4. Ngf3 Nf6 5. e5 Nd7 6. Bd3 Nb4 7. Be2 c5 8. c3 Nc6 9. Bd3 Qb6 10. O-O cxd4 11. cxd4 Nxd4 12. Nxd4 Qxd4 13. Nf3 Qb6 14. Qa4 Be7 15. Qg4 g6 16. Bh6 Qb4 17. Qxb4 Bxb4 18.
Rac1 a6 19. Rc2 Nb6 20. Be3 Nc4 21. Bxc4 dxc4 22. Rxc4 Ba5 23. Bh6 Bd7 24. Bg7 Rg8 25. Bf6 Bb5 26. Rd4 Bxf1 27. Kxf1 Bd8 28. Ng5 Bxf6 29.
exf6 Rd8 30. Rc4 h6 31. Ne4 Kd7 32. Nc5+ Kd6 33. Nxb7+ Kd5 34. Rc5+ Kd4 35. Rc7 Rc8 36. Rxf7 Rc1+ 37. Ke2 Rc2+ 38. Kf3 Rxb2 39. Rd7+ Ke5 40.
f7 Rf8 41. Kg4 Rb4+ 42. Kg3 Rf4 43. Nd6 h5 44. h4 Rf6 45. f3 a5 46. Nc4+ Kf5 47.
Nd6+ Ke5 48. Nc4+ Kf5 49. Nd6+ Ke5 1/2-1/2

[Event "*** SCC Grand Prix: Titled Tuesday Blitz"]
[Site "Chess.com"]
[Date "2020.08.25"]
[Round "3"]
[White "ChristopherYoo"]
[Black "remi04"]
[Result "0-1"]
[WhiteElo "2827"]
[BlackElo "2599"]
[TimeControl "180+1"]
[EndTime "10:29:58 PDT"]
[Termination "remi04 won on time"]

1. e4 c5 2. Nf3 d6 3. d4 cxd4 4. Nxd4 Nf6 5. Nc3 a6 6. Bg5 e6 7. Qf3 Be7 8. O-O-O Nbd7 9. a3 Qc7 10. Qg3 b6 11.
Bd3 Bb7 12. f4 O-O-O 13. Rhe1 h6 14. Bh4 g5 15. fxg5 hxg5 16. Bxg5 Rdg8 17. h4 Nh5 18. Qe3 Bxg5 19. hxg5 Ne5 20. Rh1 Qe7 21. Rh3 Ng4 22. Qd2 Qxg5 23. Qxg5 Rxg5 24. Rh4 Ne3 25. Rdh1 Nxg2 26.
R4h2 Ngf4 27. Nce2 Rhg8 28. Nf3 Rc5 29. Kd2 Nxd3 30.
cxd3 Nf6 31. Rh6 Ng4 32. Rh8 Rxh8 33. Rxh8+ Kd7 34. Rb8 Rc7 35. Nf4 Ke7 0-1

[Event "*** SCC Grand Prix: Titled Tuesday Blitz"]
[Site "Chess.com"]
[Date "2020.08.25"]
[Round "3"]
[White "SaqoChess_Twitch"]
[Black "Jumbo"]
[Result "0-1"]
[WhiteElo "2430"]
[BlackElo "2792"]
[TimeControl "180+1"]
[EndTime "10:29:58 PDT"]
[Termination "Jumbo won by resignation"]

1. d4 Nf6 2. c4 e6 3. Nc3 Bb4 4. a3 Bxc3+ 5. bxc3 O-O 6. e3 c5 7. Bd3 Nc6 8. Ne2 b6 9. O-O Ba6 10. e4 Ne8 11. f4 Na5 12. f5 f6 13. Rf3 exf5 14. exf5 Nd6 15. Rh3 Bxc4 16. Bxc4+ Naxc4 17. Nf4 Qe8 18. dxc5 bxc5 19. Rd3 Nxf5 20. Rxd7 Qe4 21. Ra2 Nfe3 22. Bxe3 Nxe3 23. Qb3+ Kh8 24. Ne6 Rfb8 25. Nxc5 Qf5 26. Rf2 Qxc5 27. Rb7 Rxb7 28. Qxb7 Rd8 29. h4 Ng4 0-1